 Dungeon Crawl Stone Soup version 0.30-a0-715-gdb4ae3ece1 (webtiles) character file.

Game seed: 194781883421162355

44 mandoloar the Shooter (level 3, -1/31 HPs)
             Began as a Minotaur Hunter on Jan 23, 2023.
             Killed from afar by an orc wizard (11 damage)
             ... with a magic dart
             ... on level 2 of the Dungeon.
             The game lasted 00:04:13 (1237 turns).

mandoloar the Shooter (Minotaur Hunter)             Turns: 1237, Time: 00:04:14

Health: -1/31      AC:  3    Str: 19    XL:     3   Next: 41%
Magic:  2/2        EV: 12    Int:  6    God:
Gold:   103        SH:  5    Dex: 15    Spells: 2/2 levels left

rFire   . . .      SeeInvis .    b - +0 long sword
rCold   . . .      Faith    .    (no shield)
rNeg    + . .      Spirit   .    c - +0 leather armour
rPois   .          Reflect  +    (helmet restricted)
rElec   .          Harm     .    (no cloak)
rCorr   .          Rampage  .    (no gloves)
Will    .....                    (no boots)
Stlth   ++                       l - amulet "Puuxit" {Reflect rN+ Str+4 SH+5}
HPRegen 0.25/turn                (no ring)
MPRegen 0.08/turn                (no ring)

@: no status effects
A: horns 2, retaliatory headbutt
a: no special abilities


You were on level 2 of the Dungeon.
You visited 1 branch of the dungeon, and saw 2 of its levels.

You collected 103 gold pieces.

Inventory:

Hand Weapons
 a - a +0 shortbow
 b - a +0 long sword (weapon)
Armour
 c - a +0 leather armour (worn)
Jewellery
 l - the amulet "Puuxit" (around neck) {Reflect rN+ Str+4 SH+5}
   (You found it on level 2 of the Dungeon)

   [amulet of reflection]

   It reflects blocked missile attacks.
   Str:       It affects your strength (+4).
   rN:        It protects you from negative energy.
   SH:        It affects your SH (+5).
 m - an amulet of the acrobat
Scrolls
 d - a scroll of poison {unknown}
 f - 2 scrolls of teleportation {unknown}
 g - a scroll of amnesia {unknown}
 i - 2 scrolls of immolation
 k - a scroll of identify {unknown}
Potions
 e - a potion of ambrosia {unknown}
 h - a potion of might {unknown}
 j - a potion of invisibility {unknown}


   Skills:
 + Level 3.1 Fighting
 + Level 4.7 Ranged Weapons
 + Level 2.8 Dodging
 + Level 1.6 Stealth


You had 2 spell levels left.
You didn't know any spells.
Your spell library contained the following spells:

 Spells                   Type           Power      Damage    Failure   Level
 Summon Forest            Summ/Tloc      0%         N/A       100%        5
 Eringya's Noxious Bog    Tmut/Pois      0%         N/A       100%        6
 Summon Hydra             Summ           0%         N/A       100%        7


Dungeon Overview and Level Annotations

Branches:
Dungeon (2/15)

Altars:


Innate Abilities, Weirdness & Mutations

You have a pair of horns on your head.
You reflexively headbutt those who attack you in melee.


Message History

The orc wizard mumbles some strange words.
The orc wizard flickers and vanishes!
Deactivating autopickup; reactivate with Ctrl-A.
You shoot an arrow. The arrow barely misses the orc.
You shoot an arrow. The arrow hits the orc!
You kill the orc!
You shoot an arrow. The arrow hits the orc.
The orc is severely wounded.
A magic dart appears from out of thin air!
The magic dart hits you.
You shoot an arrow. The arrow barely misses the orc.
You hear some strange, mumbled words.
You are confused.
You bump into the rock wall.
Something completely misses you.
You shoot an arrow. Something hits you. Something hits you.
You shoot an arrow. Something hits you but does no damage.
You bump into the rock wall.
Something hits you. Something hits you.
You feel less confused.
You shoot an arrow. The arrow barely misses the orc.
You hear some strange, mumbled words.
You are confused.
You bump into the rock wall.
Something hits you.
You shoot an arrow. Something barely misses you. Something hits you.
You're too confused to move!
Something hits you.
You bump into the rock wall.
Something hits you.
You bump into the rock wall.
Something hits you.
You bump into the rock wall.
You feel less confused. Something hits you.
* * * LOW HITPOINT WARNING * * *
You are too injured to fight recklessly!
You are too injured to fight recklessly!
b - a +0 long sword (weapon)
You hit something.
You hear some strange, mumbled words.
A magic dart appears from out of thin air!
The magic dart hits you!
You die...

?## ########## .o. #.........
#o. #.....รท...
#..############### #.........
#...).....o{@...####.........
###############....#.........
####........... ##########
##...#######
#........####..##
#..............#
###########........).##.##
#....................##.#
#..#######.........#.##.#


You could see an orc.

Vanquished Creatures
  A dart slug (D:2)
  A worm (D:2)
  An orc (D:2)
  4 endoplasms
  4 goblins
  3 hobgoblins
  3 jackals (D:1)
  5 kobolds
  3 ball pythons
  3 bats
  5 frilled lizards
  5 rats
38 creatures vanquished.

Notes
Turn   | Place    | Note
-------+----------+-------------------------------------------
     0 | D:1      | mandoloar the Minotaur Hunter began the quest for the Orb.
     0 | D:1      | Reached XP level 1. HP: 18/18 MP: 0/0
   136 | D:1      | Reached skill level 1 in Stealth
   163 | D:1      | Reached XP level 2. HP: 25/25 MP: 1/1
   553 | D:1      | You fall into a shaft and drop 1 floor!
   771 | D:2      | Reached XP level 3. HP: 31/31 MP: 2/2
  1003 | D:2      | Identified the amulet "Puuxit" {Reflect rN+ Str+4 SH+5}
  1237 | D:2      | Killed from afar by an orc wizard

Illustrated notes

Levels and vault maps discovered:
D:1:      dpeg_arrival_water_fire, layout_basic, minmay_tetromino_i4
D:2:      layout_rooms, corner_web_ring, grunt_ministairs_8,
          nicolae_underground_beach

Skill      XL: |  1  2 |
---------------+-------+-----
Stealth        | 1 |  1.6
Fighting       | 3 |  3.1
Ranged Weapons | |  4.7
Dodging        | |  2.8

Action                     || total
---------------------------++-------
  Melee: Long sword        ||     1
   Fire: Shortbow          ||    99
 Armour: Leather armour    ||     7
  Dodge: Dodged            ||    14
  Block: Other             ||     1
         Reflection        ||     1

Table legend: (Time is in decaauts)
 A = Elapsed time spent in this place.
 B = Non-inter-level travel time spent in this place.
 C = Inter-level travel time spent in this place.
 D = Time resting spent in this place.
 E = Time spent auto-exploring this place.
 F = Levels seen in this place.
 G = Mean time per level.
                   A        B        C        D        E       F      G
               +--------+--------+--------+--------+--------+-----+--------+
         Total |   1262 |   1262 |      0 |    136 |    861 |   2 |  631.0 |
       Dungeon |   1262 |   1262 |      0 |    136 |    861 |   2 |  631.0 |
               +--------+--------+--------+--------+--------+-----+--------+

Top non-repeatable levels by time:
     D:2: 700 daAuts
     D:1: 562 daAuts
